 Dungeon Crawl Stone Soup version 0.21.1-1-g345015f (webtiles) character file.

99 shakethe the Firebug (level 4, -6/24 HPs)
             Began as a Tengu Fire Elementalist on Feb 9, 2018.
             Killed from afar by EvilAshe's ghost (10 damage)
             ... with a zap
             ... on level 3 of the Dungeon.
             The game lasted 00:06:35 (2419 turns).

shakethe the Firebug (Tengu Fire Elementalist)      Turns: 2419, Time: 00:06:36

Health: -6/24      AC:  6    Str:  9    XL:     4   Next: 72%
Magic:  8/8        EV:  9    Int: 21    God:
Gold:   112        SH:  0    Dex: 14    Spells: 7/8 levels left

rFire    + . .     SeeInvis .   e - +2 dagger (vamp) {!w}
rCold    . . .     Gourm    .   (no shield)
rNeg     . . .     Faith    .   g - +0 scale mail {rF+}
rPois    .         Spirit   .   (helmet restricted)
rElec    .         Reflect  .   (no cloak)
rCorr    .         Harm     .   (no gloves)
MR       .....                  (boots unavailable)
Stlth    +.........             (no amulet)
HPRegen  0.08/turn              k - +5 ring of intelligence
MPRegen  0.11/turn              (no ring)

@: no status effects
A: beak, talons 3
a: no special abilities


You were on level 3 of the Dungeon.
You were not hungry.

You visited 1 branch of the dungeon, and saw 3 of its levels.

You collected 112 gold pieces.

Inventory:

Hand Weapons
 d - a +0 club
   (You took it off a goblin on level 1 of the Dungeon)
 e - a +2 vampiric dagger (weapon) {!w}
   (You took it off a kobold on level 1 of the Dungeon)
 i - a +2 dagger of venom
   (You found it on level 1 of the Dungeon)
Armour
 a - a +0 robe
 g - a +0 scale mail of fire resistance (worn)
   (You found it on level 1 of the Dungeon)
 p - a +0 shield
   (You found it on level 2 of the Dungeon)
Jewellery
 k - a +5 ring of intelligence (left hand)
   (You found it on level 1 of the Dungeon)
 o - a +3 ring of intelligence
   (You found it on level 2 of the Dungeon)
Scrolls
 f - 2 scrolls of remove curse {unknown}
 j - 2 scrolls of amnesia {unknown}
 l - a scroll of teleportation {unknown}
 m - a scroll of random uselessness {unknown}
 n - 2 scrolls of enchant armour {unknown}
Potions
 h - a potion of haste {unknown}
Books
 b - a book of Flames
Comestibles
 c - 4 rations
 q - a chunk of flesh {@w0}


   Skills:
 - Level 2.6 Dodging
 - Level 2.4 Stealth
 + Level 2.6 Spellcasting
 * Level 3.2 Conjurations
 * Level 4.2 Fire Magic


You had 7 spell levels left.
You knew the following spells:

 Your Spells              Type           Power        Failure   Level  Hunger
a - Flame Tongue          Conj/Fire      ###..        26%         1    None


Dungeon Overview and Level Annotations

Branches:
Dungeon (3/15)

Altars:
Nemelex Xobeh

Annotations:
D:3 EvilAshe's ghost, amateur TeAE; Grinder


Innate Abilities, Weirdness & Mutations

You have a beak for a mouth.
You have claws for feet.


Message History

You start resting.
Health restored: 24 Unknown command.
You see here an adder corpse.
You butcher the adder corpse.
l - 2 chunks of flesh {@w0} You start waiting.
Eating one of 2 chunks of flesh {@w0}.
You eat one of the 2 chunks of flesh {@w0}.
Done waiting.
All of the chunks of flesh in your inventory have rotted away.
There is an open door here.
Done exploring.
Done exploring.
There is a stone staircase leading down here.
You climb downwards.
A hobgoblin comes into view. It is wielding a club.
Found a ration, a scroll labeled XEDEDD XOICU and a club.
Found an escape hatch in the floor.
Found two stone staircases leading down.
There is a stone staircase leading up here.
You see here a ration.
Found a stone staircase leading up.
The hobgoblin hits you with a club.
You take 2 damage, and have 22/24 hp.
You hit the hobgoblin but do no damage.
The hobgoblin hits you but does no damage.
You hit the hobgoblin. You peck the hobgoblin. You hit the hobgoblin.
You feel better.
You kill the hobgoblin!
No target in view!
No target in view!
c - 3 rations (gained 1)
There are no items here.
Health restored: 24
There is a stone staircase leading down here.
j - 2 scrolls labeled XEDEDD XOICU (gained 1)
f - 2 scrolls labeled RIUXOU NARILE (gained 1)
l - a scroll labeled VOULOO QEIMOAD A hobgoblin comes into view.
You hit the hobgoblin. Your peck misses the hobgoblin.
You hit the hobgoblin but do no damage.
You kill the hobgoblin!
You are feeling hungry.
A goblin comes into view.
The goblin shouts!
You hit the goblin. You claw the goblin. You hit the goblin but do no damage.
Your kick misses the goblin. The goblin barely misses you.
You hit the goblin.
You kill the goblin!
c - 4 rations (gained 1)
A giant cockroach comes into view.
Found a sparkling altar of Nemelex Xobeh.
The giant cockroach bites you but does no damage.
You hit the giant cockroach but do no damage.
The giant cockroach barely misses you.
The giant cockroach bites you but does no damage.
You hit the giant cockroach.
The giant cockroach bites you but does no damage.
You hit the giant cockroach.
You kill the giant cockroach!
You see here a giant cockroach corpse.
You butcher the giant cockroach corpse.
q - 2 chunks of flesh {@w0} Eating one of 2 chunks of flesh {@w0}.
You eat one of the 2 chunks of flesh {@w0}.
There is a fountain of sparkling water here.
There is a fountain of sparkling water here.
There is a fountain of sparkling water here.
Grinder comes into view.
Grinder gestures at you. You resist with significant effort.
You see here 7 gold pieces.
Grinder gestures at you.
You suddenly lose the ability to move!
Grinder hits you.
You writhe in agony.
Grinder hits you.
You writhe in agony.
Grinder hits you.
You can move again.
You take 13 damage, and have 11/24 hp.
MASSIVE DAMAGE!!
Grinder blinks!
EvilAshe's ghost (amateur Tengu Air Elementalist) comes into view.
EvilAshe's ghost turns its malevolent gaze towards you.
Grinder blinks!
EvilAshe's ghost casts a spell at you. The zap hits you!
* * * LOW HITPOINT WARNING * * *
You take 10 damage, and have 5/24 hp.
MASSIVE DAMAGE!!
There is an escape hatch in the floor here.
EvilAshe's ghost grins evilly.
EvilAshe's ghost casts a spell at you. The zap hits you!
* * * LOW HITPOINT WARNING * * *
You take 2 damage, and have 4/24 hp.
EvilAshe's ghost makes a sound of rattling chains.
EvilAshe's ghost casts a spell at you. The zap hits you!
You die...

##.##.#
##############..##.###
.<...................###
.........>............
#........##.##....###
#....)...##.####.....
#.<......##.# ##.###
#......>.#..# #.#
#...@....#.## #.# #
#........#.# #.###
#....).....# #.##.
.....###.>#.## #.##.
###..# ##W#.# #.#..
..... #...# #...#
#####...##..########..#
.. ..................#
#.# .#
###.##..########ยง.#


You could see EvilAshe's ghost.

Vanquished Creatures
  4 adders (D:2)
  2 oozes
  2 worms (D:2)
  A leopard gecko (D:2)
  3 bats (D:1)
  3 giant cockroaches
  6 goblins
  7 hobgoblins
  3 jackals (D:1)
  5 kobolds
  3 frilled lizards
  9 rats
48 creatures vanquished.

Notes
Turn   | Place    | Note
-------+----------+-------------------------------------------
     0 | D:1      | shakethe the Tengu Fire Elementalist began the quest for the Orb.
     0 | D:1      | Reached XP level 1. HP: 10/10 MP: 4/4
   138 | D:1      | Reached XP level 2. HP: 15/15 MP: 6/6
   579 | D:1      | Reached skill level 2 in Conjurations
   650 | D:1      | Reached XP level 3. HP: 19/19 MP: 7/7
  1561 | D:2      | Reached XP level 4. HP: 24/24 MP: 6/8
  1611 | D:2      | Reached skill level 4 in Fire Magic
  1763 | D:2      | Reached skill level 3 in Conjurations
  2316 | D:3      | Found a sparkling altar of Nemelex Xobeh.
  2339 | D:3      | Noticed Grinder
  2351 | D:3      | Paralysed by Grinder for 7 turns
  2411 | D:3      | Noticed EvilAshe's ghost (amateur TeAE)
  2413 | D:3      | HP: 5/24 [EvilAshe's ghost/zap (10)]
  2418 | D:3      | HP: 4/24 [EvilAshe's ghost/zap (2)]
  2419 | D:3      | Killed from afar by EvilAshe's ghost

Skill      XL: |  1  2  3  4 |
---------------+-------------+-----
Conjurations   | 2 3 |  3.2
Fire Magic     | 4 |  4.2
Dodging        | |  2.6
Stealth        | |  2.4
Spellcasting   | |  2.6

Action                   |  1- 3 |  4- 6 || total
-------------------------+-------+-------++-------
Melee: Dagger            |    80 |    42 ||   122
       Kick              |    20 |     7 ||    27
       Peck              |     8 |     7 ||    15
 Cast: Flame Tongue      |    11 |     5 ||    16
 Stab: Sleeping          |     1 |       ||     1
  Eat: Ration            |     1 |       ||     1
       Chunk             |     3 |     3 ||     6
Armor: Robe              |     5 |       ||     5
       Scale mail        |    31 |    16 ||    47
Dodge: Dodged            |    42 |    12 ||    54

Vault maps used:
D:1:      dpeg_arrival_tiny_e, minmay_misc_feat_tiny
D:3:      nicolae_overflow_hidden_temple, first_ration,
          nemelex_xobeh_ov_fountains_minmay, uniq_grinder, uniq_natasha

Table legend:
 A = Turns spent in this place as a percentage of turns spent in the entire game.
 B = Non-inter-level travel turns spent in this place as a percentage of non-inter-level travel turns spent in the entire game.
 C = Inter-level travel turns spent in this place as a percentage of turns spent in this place.
 D = Turns resting spent in this place as a percentage of non-inter-level travel turns spent in this place.
 E = Turns spent auto-exploring this place as a percentage of non-inter-level travel turns spent in this place.
 F = Non-inter-level travel turns spent in this place divided by the number of levels of this place that you've seen.
                   A       B       C       D       E      F
               +-------+-------+-------+-------+-------+----------------------
         Total | 100.0 | 100.0 |   0.8 |  19.9 |  47.0 | 799.7
       Dungeon | 100.0 | 100.0 |   0.8 |  19.9 |  47.0 | 799.7
               +-------+-------+-------+-------+-------+----------------------

Table legend:
 A = Kills in this place as a percentage of kills in entire the game.
 B = Kills by you in this place as a percentage of kills by you in the entire game.
 C = Kills by friends in this place as a percentage of kills by friends in the entire game.
 D = Other kills in this place as a percentage of other kills in the entire game.
 E = Experience gained in this place as a percentage of experience gained in the entire game.
 F = Experience gained in this place divided by the number of levels of this place that you have seen.
                   A       B       C       D       E      F
               +-------+-------+-------+-------+-------+----------------------
         Total | 100.0 | 100.0 |   N/A |   N/A | 100.0 |  47.3
       Dungeon | 100.0 | 100.0 |   N/A |   N/A | 100.0 |  47.3
               +-------+-------+-------+-------+-------+----------------------
